 Dungeon Crawl Stone Soup version 0.22-a0-439-gac93bac (webtiles) character file.

10238 Ijustatesigmund the Fighter (level 11, -8/127 HPs)
             Began as an Ogre Artificer on May 29, 2018.
             Was a Priest of the Shining One.
             Mangled by a skeletal warrior
             ... wielding a +0 flail
             ... led by a death knight
              (25 damage)
             ... on level 11 of the Dungeon.
             The game lasted 00:34:18 (16539 turns).

Ijustatesigmund the Fighter (Ogre Artificer)       Turns: 16539, Time: 00:34:19

Health: -8/127     AC:  4    Str: 19    XL:     11   Next: 59%
Magic:  14/17      EV: 12    Int: 12    God:    the Shining One [***...]
Gold:   779        SH:  9    Dex: 12    Spells: 7/10 levels left

rFire    . . .     SeeInvis +   q - +0 giant spiked club
rCold    . . .     Gourm    .   (shield currently unavailable)
rNeg     + + .     Faith    .   b - +1 robe of Puosijo {rElec rN+ Str-2 SInv}
rPois    .         Spirit   .   (helmet restricted)
rElec    +         Reflect  .   (no cloak)
rCorr    .         Harm     .   (gloves unavailable)
MR       +....                  (boots unavailable)
Stlth    +.........             (no amulet)
HPRegen  0.31/turn              s - ring of wizardry
MPRegen  0.15/turn              u - +3 ring of strength

@: divine shield, slowed, glowing, very slow
A: large, unfitting armour, tough skin 1
a: Divine Shield, Renounce Religion


You were on level 11 of the Dungeon.
You worshipped the Shining One.
The Shining One was most pleased with you.
You were not hungry.

You visited 2 branches of the dungeon, and saw 13 of its levels.
You also visited: Sewer.

You collected 779 gold pieces.

Inventory:

Hand Weapons
 a - a +0 flail
 q - a +0 giant spiked club (weapon)
Missiles
 y - 7 large rocks (quivered)
Armour
 b - the +1 robe of Puosijo (worn) {rElec rN+ Str-2 SInv}
   (You found it on level 4 of the Dungeon)

   It affects your strength (-2).
   It insulates you from electricity.
   It protects you from negative energy.
   It lets you see invisible.
Jewellery
 e - an uncursed ring of stealth
 s - a ring of wizardry (left hand)
 u - a +3 ring of strength (right hand)
Wands
 c - a wand of flame (1)
 d - a wand of enslavement (3)
 g - a wand of acid (6)
 v - a wand of polymorph (18)
Scrolls
 h - 5 scrolls of teleportation
 k - a scroll of remove curse
 l - 3 scrolls of amnesia
 m - 7 scrolls of identify
 n - 2 scrolls of fog
 p - a scroll of blinking
 t - 6 scrolls of magic mapping
Potions
 i - 2 potions of lignification
 j - 2 potions of flight
 o - 3 potions of brilliance
 r - 2 potions of haste
 w - a potion of cancellation
 x - a potion of resistance
 z - a potion of heal wounds
 A - 2 potions of curing
Comestibles
 f - 13 rations


   Skills:
 + Level 13.3 Fighting
   Level 0.8 Short Blades
 + Level 9.3 Maces & Flails
 + Level 4.9 Dodging
 - Level 0.6 Stealth
 - Level 3.9 Translocations
 + Level 8.4 Invocations
 - Level 2.4 Evocations


You had 7 spell levels left.
You knew the following spells:

 Your Spells              Type           Power        Failure   Level  Hunger
a - Magic Dart            Conj           #...         13%         1    ##.....
b - Blink                 Tloc           N/A          4%          2    ###....

Your spell library contained the following spells:

 Spells                   Type           Power        Failure   Level  Hunger
 Conjure Flame            Conj/Fire      #.......     36%         3    ####...
 Slow                     Hex            #.......     21%         2    ###....
 Freezing Cloud           Conj/Ice/Air   #.........   100%        6    #######
 Mephitic Cloud           Conj/Pois/Air  #.......     36%         3    ####...
 Ring of Flames           Chrm/Fire      #.........   100%        7    #######
 Iskenderun's Mystic Bla  Conj           #.......     75%         4    #####..
 Call Imp                 Summ           #.......     21%         2    ###....
 Stone Arrow              Conj/Erth      #.....       36%         3    ####...
 Spider Form              Tmut/Pois      #.........   36%         3    ####...
 Blade Hands              Tmut           #.........   97%         5    ######.
 Ice Form                 Ice/Tmut       #.......     75%         4    #####..
 Passwall                 Tmut/Erth      #.......     21%         2    ###....
 Sticks to Snakes         Tmut           #.......     21%         2    ###....
 Lee's Rapid Deconstruct  Erth           #.........   97%         5    ######.
 Sandblast                Erth           #.....       13%         1    ##.....
 Petrify                  Tmut/Erth      #.......     75%         4    #####..
 Beastly Appendage        Tmut           #.....       13%         1    ##.....
 Fulminant Prism          Conj/Hex       #.........   75%         4    #####..
 Dazzling Spray           Conj/Hex       #.....       36%         3    ####...
 Force Lance              Conj/Tloc      #.......     50%         4    #####..
 Searing Ray              Conj           #.....       21%         2    ###....
 Poisonous Vapours        Pois/Air       #.....       21%         2    ###....


Dungeon Overview and Level Annotations

Branches:
Dungeon (12/15)            Temple (1/1) D:4            Lair (0/6) D:8
    Orc (0/2) D:11

Altars:
Ashenzari
Cheibriados
Dithmenos
Elyvilon
Fedhas
Gozag
Hepliaklqana
Kikubaaqudgha
Makhleb
Nemelex Xobeh
Okawaru
Qazlal
Ru
Sif Muna
Trog
Uskayaw
Vehumet
Wu Jian
Xom
Yredelemnul
Zin
The Shining One

Shops:
D:4 :   D:6 %

Annotations:
D:10 NormalPerson7's ghost, novice SpBe
D:12 Ratty's ghost, journeyman VSTm


Innate Abilities, Weirdness & Mutations

You are too large for most types of armour.
You have tough skin. (AC +1)


Message History

The freezing wraith closely misses you. The freezing wraith hits you!
The freezing wraith drains your vigour!
You feel as though you will be slow longer.
The orc hits you but does no damage.
You block the skeletal warrior's attack.
You block the freezing wraith's attack. The freezing wraith hits you!
The freezing wraith drains your vigour!
You feel as though you will be slow longer.
The orc hits you but does no damage.
You sock the skeletal warrior!
The skeletal warrior is moderately damaged.
The skeletal warrior hits you with a flail!
You block the freezing wraith's attack.
The freezing wraith hits you but does no damage.
The orc barely misses you. The freezing wraith hits you.
The freezing wraith freezes you!!
* * * LOW HITPOINT WARNING * * *
The freezing wraith barely misses you.
The skeletal warrior hits you with a flail!!
You die...

.....#......##'#########.......#
.....#.........................#
.....#.......÷.................#
.....#......<..................#
.....+.........................#
.#.........................<...#
.##....#######...####'########+##
..##.#......##.o)#..............#
#....##.....#..z@#..............#
##.#..##....#..W.#..............#
...##.......#....#......)...†...#
.#..##.#....#...=#..............#
.##....##...#....#..............#
..##.#..##..#....#..............#
#....##.....#....#........).....#
##....##....####................#
................[################


You could see a skeletal warrior, a freezing wraith and an orc.

Vanquished Creatures
  A tengu warrior (D:11)
  The ghost of NormalPerson7 the Spear-Bearer, a novice DsCK of Xom (D:8)
  Nergalle (D:10)
  An ugly thing (D:11)
  2 cyclopes
  The ghost of Mgcat the Cleaver, a novice HOBe of Trog (D:7)
  2 kobold demonologists
  2 trolls
  2 hippogriffs
  Sigmund (D:2)
  A wyvern (D:10)
  4 orc warriors
  A basilisk (D:11)
  4 hungry ghosts
  A soldier ant (D:9)
  A water moccasin (D:7)
  A porcupine (D:8)
  3 sky beasts
  A black bear (D:8)
  2 necrophages
  A phantom (D:5)
  2 centaurs
  4 ogres
  3 jellies
  7 bullfrogs
  5 big kobolds
  4 scorpions
  A wyvern skeleton (D:9)
  The ghost of derrymb the Grave Robber, a weakling HONe of Okawaru (D:3)
  6 howler monkeys
  6 crimson imps
  A bullfrog zombie (D:5)
  4 hounds
  3 bullfrog skeletons
  3 orc priests
  2 gnoll shamans
  10 orc wizards
  2 iguanas
  8 worker ants
  A hound zombie (D:11)
  3 hound skeletons
  2 worker ant zombies
  12 gnolls
  2 howler monkey skeletons
  12 adders
  A river rat (D:3)
  2 shadow imps
  2 oozes
  An adder zombie (D:7)
  2 adder skeletons
  A worm (D:3)
  A dart slug (D:1)
  8 leopard geckos
  32 orcs
  7 giant cockroaches
  3 hobgoblins
  8 jackals
  12 kobolds
  8 quokkas
  A ball python (Sewer)
  A ball python zombie (D:6)
  10 bats
  3 goblins
  A leopard gecko zombie (D:6)
  3 quokka skeletons
  13 rats
258 creatures vanquished.

Vanquished Creatures (collateral kills)
  A worker ant (D:4)
  A gnoll (D:5)
  A worm (D:3)
  A dart slug (D:4)
  A leopard gecko (D:4)
  3 orcs
  A ball python (D:3)
  A frilled lizard (D:5)
  A kobold (Sewer)
  A rat (D:3)
12 creatures vanquished.

Vanquished Creatures (others)
  An orc warrior (D:12)
  A sky beast (D:8)
  An ogre (D:8)
  2 orc priests
  A gnoll (D:3)
  2 orcs
  A kobold (Sewer)
  6 fungi (D:8)
  2 plants (D:8)
17 creatures vanquished.

Grand Total: 287 creatures vanquished

Notes
Turn   | Place    | Note
-------+----------+-------------------------------------------
     0 | D:1      | Ijustatesigmund the Ogre Artificer began the quest for the Orb.
     0 | D:1      | Reached XP level 1. HP: 19/19 MP: 2/2
    33 | D:1      | Reached skill level 2 in Fighting
   247 | D:1      | Reached XP level 2. HP: 24/29 MP: 3/3
   560 | D:1      | Reached skill level 3 in Fighting
  1021 | D:2      | Found a bloodstained altar of Trog.
  1114 | D:2      | Reached XP level 3. HP: 22/39 MP: 4/4
  1443 | D:2      | Found a sparkling altar of Nemelex Xobeh.
  1473 | D:2      | Found a sacrificial altar of Ru.
  1600 | D:2      | Noticed Sigmund
  1622 | D:2      | Killed Sigmund
  1622 | D:2      | Reached skill level 5 in Fighting
  1622 | D:2      | Reached XP level 4. HP: 24/52 MP: 5/5
  1622 | D:2      | Reached XP level 5. HP: 28/59 MP: 6/6
  2307 | D:3      | Found a glowing drain.
  2311 | Sewer    | Entered a sewer
  2621 | Sewer    | Noticed a big kobold
  2631 | Sewer    | Killed a big kobold
  2631 | Sewer    | Reached skill level 6 in Fighting
  2631 | Sewer    | Reached XP level 6. HP: 51/68 MP: 7/7
  2864 | Sewer    | Reached skill level 7 in Fighting
  3196 | D:3      | Reached XP level 7. HP: 57/78 MP: 8/8
  3640 | D:3      | Noticed derrymb's ghost (weakling HONe)
  4607 | D:3      | Killed derrymb's ghost
  4859 | D:3      | Reached skill level 8 in Fighting
  5463 | D:4      | Found a staircase to the Ecumenical Temple.
  5480 | Temple   | Entered the Ecumenical Temple
  5613 | Temple   | Became a worshipper of the Shining One
  5626 | D:4      | Found Deoreume's Book Shoppe.
  5836 | D:4      | Reached XP level 8. HP: 76/89 MP: 9/9
  5932 | D:4      | Reached skill level 5 in Maces & Flails
  6161 | D:4      | Got an ancient robe
  6167 | D:4      | Identified the cursed +1 robe of Puosijo {rElec rN+ Str-2 SInv} (You found it on level 4 of the Dungeon)
  6293 | D:5      | Entered Level 5 of the Dungeon
  6930 | D:5      | Reached skill level 9 in Fighting
  7136 | D:5      | Found a snail-covered altar of Cheibriados.
  7410 | D:6      | Reached * piety under the Shining One
  7784 | D:6      | Found Moehoido's Food Boutique.
  7835 | D:7      | Noticed Mgcat's ghost (novice HOBe)
  7839 | D:7      | Reached skill level 1 in Invocations
  7894 | D:6      | Reached XP level 9. HP: 28/101 MP: 10/10
  8373 | D:7      | Reached skill level 10 in Fighting
  8468 | D:7      | Killed Mgcat's ghost
  9218 | D:8      | Noticed a kobold demonologist
  9220 | D:8      | Noticed NormalPerson7's ghost (novice DsCK)
  9224 | D:8      | Killed a kobold demonologist
  9224 | D:8      | Reached ** piety under the Shining One
  9523 | D:7      | Reached skill level 11 in Fighting
  9946 | D:8      | Reached skill level 5 in Invocations
  9952 | D:8      | Found a white marble altar of Elyvilon.
  9984 | D:8      | Reached XP level 10. HP: 93/114 MP: 13/13
 10002 | D:8      | Killed NormalPerson7's ghost
 10010 | D:8      | Learned a level 1 spell: Magic Dart
 10013 | D:8      | Learned a level 2 spell: Blink
 10439 | D:8      | Reached skill level 1 in Translocations
 10724 | D:8      | Found a staircase to the Lair.
 10814 | D:8      | Found a deep blue altar of Sif Muna.
 10852 | D:9      | Reached skill level 12 in Fighting
 11384 | D:9      | Reached *** piety under the Shining One
 11793 | D:10     | Entered Level 10 of the Dungeon
 11816 | D:10     | Noticed Nergalle
 11829 | D:10     | Killed Nergalle
 11833 | D:10     | Noticed NormalPerson7's ghost (novice SpBe)
 11837 | D:10     | Noticed a cyclops
 12038 | D:9      | Killed a cyclops
 12038 | D:9      | Reached XP level 11. HP: 119/124 MP: 13/16
 14405 | D:11     | Found a staircase to the Orcish Mines.
 14618 | D:11     | Noticed a cyan ugly thing
 14623 | D:11     | Killed a cyan ugly thing
 14623 | D:11     | Reached skill level 13 in Fighting
 15188 | D:11     | Noticed a tengu warrior
 15202 | D:11     | Killed a tengu warrior
 16030 | D:12     | Noticed a cyclops
 16045 | D:12     | Killed a cyclops
 16080 | D:12     | Noticed Ratty's ghost (journeyman VSTm)
 16091 | D:12     | Noticed a four-headed hydra
 16409 | D:12     | Noticed a skeletal warrior
 16410 | D:12     | Noticed a phantasmal warrior
 16534 | D:12     | Noticed a skeletal warrior
 16534 | D:12     | Noticed a death knight
 16539 | D:11     | Mangled by a skeletal warrior

Vault maps used:
D:1:      saegor_arrival_simple_c, serial_park_tiny_2, kennysheep_pointless_box,
          minmay_pentomino_v2
D:2:      marbit_many_paths, nemelex_xobeh_ov_fountains_minmay, first_ration,
          hangedman_ru_absence, uniq_sigmund
D:3:      gup_sewer_entry_bowl, kennysheep_generic_room_8
D:4:      minmay_temple_entry_junction_2, serial_shops, shop_coins
D:5:      lemuel_coloured_pillars_altar
D:6:      serial_shops, nicolae_shop_behind_doors
D:8:      minmay_curly_fans, nicolae_overflow_crystal_walls,
          lemuel_blue_sif_altar, grunt_lair_entry_orc_guard_hut
D:10:     uniq_snorg, uniq_nergalle
D:11:     orc_0_dummy, grunt_tengu_nest, nicolae_wwwww
D:12:     minmay_more_statues
Temple:   eino_temple_scatter_basement
Sewer:    kennysheep_pipe_town

Skill      XL: |  1  2  3  4  5  6  7  8  9 10 11 |
---------------+----------------------------------+-----
Fighting       | 2 3 5 6 7 8 9 11 12 13 | 13.3
Maces & Flails | 2 3 4 6 7 8 9 |  9.3
Dodging        | 2 4 |  4.9
Invocations    | 1 5 7 8 |  8.4
Translocations | 3 |  3.9
Short Blades   | |  0.8
Stealth        | |  0.6
Evocations     | |  2.4

Action                   |  1- 3 |  4- 6 |  7- 9 | 10-12 || total
-------------------------+-------+-------+-------+-------++-------
Melee: Short sword       |    60 |       |       |       ||    60
       Club              |    24 |    29 |       |       ||    53
       Mace              |       |    80 |    52 |       ||   132
       Flail             |       |       |   217 |       ||   217
       Giant spiked club |       |       |   133 |   274 ||   407
Throw: Large rock        |       |       |       |     5 ||     5
Invok: Divine Shield     |       |       |     1 |     4 ||     5
Evoke: Wand              |     2 |    10 |    27 |     7 ||    46
  Use: Scroll            |     9 |     3 |     7 |    10 ||    29
       Potion            |     2 |     3 |     8 |     2 ||    15
 Stab: Sleeping          |     4 |     2 |     2 |       ||     8
       Paralysed         |     8 |       |       |       ||     8
  Eat: Ration            |     1 |     1 |     5 |     6 ||    13
       Chunk             |       |       |    10 |     8 ||    18
Armor: Robe              |    20 |    47 |    84 |    77 ||   228
Dodge: Dodged            |    35 |    80 |   277 |   240 ||   632
Block: Other             |       |       |     9 |    12 ||    21

Table legend:
 A = Spawn XP
 B = Non-spawn XP
 C = Spawn XP percentage of total XP
 D = Spawn monster count
 E = Non-spawn monster count
 F = Spawn count percentage of total count
 G = Total turns spent on level
                    A         B        C        D         E        F      G
               +---------+---------+-------+---------+---------+-------+---------
         Total |       0 |   14626 |   0.0 |       0 |     270 |   0.0 | 16539
               +---------+---------+-------+---------+---------+-------+---------
           D:1 |       0 |      15 |   0.0 |       0 |       9 |   0.0 |   860
           D:2 |       0 |     270 |   0.0 |       0 |      18 |   0.0 |  1680
           D:3 |       0 |     286 |   0.0 |       0 |      38 |   0.0 |  1412
           D:4 |       0 |     377 |   0.0 |       0 |      26 |   0.0 |  1544
           D:5 |       0 |     481 |   0.0 |       0 |      15 |   0.0 |   833
           D:6 |       0 |     556 |   0.0 |       0 |      20 |   0.0 |   928
           D:7 |       0 |    1131 |   0.0 |       0 |      17 |   0.0 |  1472
           D:8 |       0 |    2964 |   0.0 |       0 |      24 |   0.0 |  1108
           D:9 |       0 |    1805 |   0.0 |       0 |      30 |   0.0 |  2540
          D:10 |       0 |    2245 |   0.0 |       0 |      17 |   0.0 |   537
          D:11 |       0 |    3208 |   0.0 |       0 |      25 |   0.0 |  2166
          D:12 |       0 |     980 |   0.0 |       0 |      12 |   0.0 |   450
         Sewer |       0 |     308 |   0.0 |       0 |      19 |   0.0 |   865
               +---------+---------+-------+---------+---------+-------+---------
